 Dungeon Crawl Stone Soup version 0.26-a0-346-g33516b1736 (webtiles) character file.

Game seed: 14211093195804123522

7091 Glokmah the Destroyer (level 10, -1/91 HPs)
             Began as a Green Draconian Conjurer on July 17, 2020.
             Was a Priest of Sif Muna.
             Slain by a six-headed hydra (15 damage)
             ... on level 8 of the Dungeon.
             The game lasted 00:31:18 (10786 turns).

Glokmah the Destroyer (Green Draconian Conjurer)   Turns: 10786, Time: 00:31:19

Health: -1/91      AC:  8    Str:  9    XL:     10   Next: 84%
Magic:  6/19       EV: 14    Int: 22    God:    Sif Muna [***...]
Gold:   608        SH:  6    Dex: 10    Spells: 9/21 levels left

rFire    . . .     SeeInvis +   a - +9 club (freeze)
rCold    . . .     Faith    .   k - +2 buckler
rNeg     . . .     Spirit   .   (armour unavailable)
rPois    +         Reflect  .   (helmet restricted)
rElec    .         Harm     .   (no cloak)
rCorr    .                      f - +0 pair of gloves
MR       .....                  (no boots)
Stlth    ++........             i - amulet of regeneration
HPRegen  0.65/turn              D - ring of see invisible
MPRegen  0.16/turn              v - ring of wizardry

@: no status effects
A: breathe noxious fumes, unfitting armour, poison resistance, cold-blooded, AC
+7
a: Breathe Noxious Fumes, Channel Magic, Forget Spell, Renounce Religion


You were on level 8 of the Dungeon.
You worshipped Sif Muna.
Sif Muna was most pleased with you.
You visited 2 branches of the dungeon, and saw 9 of its levels.
You also visited: Ossuary.

You collected 608 gold pieces.

Inventory:

Hand Weapons
 a - a +9 club of freezing (weapon)
 b - a +1 dagger of venom
 c - a +1 falchion of holy wrath
 d - a +1 vorpal war axe
Missiles
 r - 4 atropa-tipped darts
 y - 3 boomerangs
 B - 302 stones (quivered)
Armour
 f - a +0 pair of gloves (worn)
 k - a +2 buckler (worn)
Jewellery
 g - an uncursed ring of stealth
 i - an amulet of regeneration (around neck)
 v - a ring of wizardry (right hand)
 D - a ring of see invisible (left hand)
Wands
 e - a wand of paralysis (7)
 s - a wand of flame (21)
 t - a wand of enslavement (17)
 H - a wand of digging (5)
Scrolls
 h - 4 scrolls of magic mapping
 o - a scroll of immolation
 x - 4 scrolls of remove curse
 A - a scroll of fog
 E - a scroll of enchant armour
 F - a scroll of noise
 G - 2 scrolls of identify
Potions
 j - 2 potions of degeneration
 l - 2 potions of lignification {unknown}
 m - 4 potions of curing
 n - a potion of ambrosia {unknown}
 p - 2 potions of brilliance {unknown}
 q - 4 potions of stabbing
 u - 3 potions of mutation
 w - 3 potions of heal wounds {unknown}
 z - 3 potions of cancellation {unknown}
 C - a potion of resistance {unknown}


   Skills:
 + Level 9.4 Fighting
 + Level 6.0 Dodging
 - Level 1.7 Stealth
 - Level 4.0 Shields
 + Level 6.1 Spellcasting
 + Level 10.1 Conjurations
 - Level 3.0 Hexes
 - Level 3.0 Translocations
 + Level 4.5 Invocations


You had 9 spell levels left.
You knew the following spells:

 Your Spells              Type           Power        Failure   Level
a - Magic Dart            Conj           ####         1%          1
b - Searing Ray           Conj           ######       1%          2
c - Fulminant Prism       Conj/Hex       #####.....   2%          4
d - Iskenderun's Mystic   Conj/Tloc      #####...     2%          4
e - Apportation           Tloc           ###...       1%          1

Your spell library contained the following spells:

 Spells                   Type           Power        Failure   Level
 Corona                   Hex            ###....      1%          1
 Dazzling Flash           Conj/Hex       #####.       1%          3
 Animate Skeleton         Necr           #.....       3%          1
 Summon Small Mammal      Summ           #...         3%          1


Dungeon Overview and Level Annotations

Branches:
Dungeon (8/15)             Temple (0/1) D:6            Lair (1/6) D:8
Ossuary (visited)

Altars:
Ashenzari
Cheibriados
Gozag
Hepliaklqana
Kikubaaqudgha
Makhleb
Okawaru
Qazlal
Ru
Sif Muna
Uskayaw
Vehumet
Xom
The Shining One

Shops:
D:4 (


Innate Abilities, Weirdness & Mutations

You can breathe blasts of noxious fumes.
Your lurid green scales are hard. (AC +7)
You cannot fit into any form of body armour.
Your system is resistant to poisons. (rPois)
You are cold-blooded and may be slowed by cold attacks.


Message History

Casting: Iskenderun's Mystic Blast (dangerous; 2% risk of failure)
Confirm with . or Enter, or press ? or * to list all spells.
Aiming: Searing Ray (safe; 1% risk of failure)
Press: ? - help, Shift-Dir - straight line, f - six-headed hydra
Aim: a six-headed hydra (heavily wounded)
Okay, then.
Okay, then.
Okay, then.
Casting: Searing Ray (safe; 1% risk of failure)
Confirm with . or Enter, or press ? or * to list all spells.
Aiming: Searing Ray (safe; 1% risk of failure)
Press: ? - help, Shift-Dir - straight line, f - six-headed hydra
Aim: a six-headed hydra (heavily wounded)
The searing ray hits the six-headed hydra!
The six-headed hydra is severely wounded. (Press . to maintain the ray.)
The six-headed hydra bites you!
* * * LOW HITPOINT WARNING * * *
The six-headed hydra bites you!
You die...

##### ##### #### # ##...#
#@#.# ###..###### #..###
##D#####.#.##..... ###...###
#..###.##..÷.....#
#..###.(###........)÷.(..###
#.###.#........"....#.####
#.###.......#.....#..#####
###.#........#...####....###
#.)..##.#.#...##.##.###.#.#
########.###.######## #.[##


You could see a six-headed hydra.

Vanquished Creatures
  A two-headed ogre (D:8)
  The ghost of ANON1729 the Conjurer, a novice DrCj of Vehumet (D:7)
  A komodo dragon (D:8)
  Grinder (D:4)
  Prince Ribbit (D:6)
  A hippogriff (Lair:1)
  4 wyverns
  A basilisk (D:8)
  Menkaure (D:5)
  3 water moccasins
  A swamp drake (D:8)
  3 sky beasts
  An orc warrior (D:6)
  2 ice beasts
  A phantom (D:4)
  4 ogres
  3 crocodiles
  6 centaurs
  A big kobold (D:8)
  A bullfrog (D:8)
  12 scorpions
  5 wights (D:7)
  2 howler monkeys (D:7)
  A centaur zombie (Ossuary)
  2 hounds
  A bullfrog zombie (D:6)
  2 jellies
  4 human zombies (Ossuary)
  2 orc priests (D:6)
  6 orc wizards
  2 bullfrog skeletons
  Jessica (D:3)
  3 worker ants
  An iguana (D:7)
  A statue (D:6)
  4 big kobold zombies (Ossuary)
  3 howler monkey zombies
  3 mummies (Ossuary)
  3 gnolls (D:3)
  2 scorpion zombies (Ossuary)
  8 adders
  A shadow imp (D:5)
  3 white imps
  An ufetubus (D:8)
  3 adder skeletons
  2 worms (D:2)
  A dart slug (D:1)
  6 leopard geckos
  24 orcs
  8 giant cockroaches
  A gnoll zombie (Ossuary)
  4 goblins
  6 hobgoblins
  12 jackals
  5 quokkas
  13 bats
  4 frilled lizards
  3 goblin zombies (Ossuary)
  2 hobgoblin zombies (Ossuary)
  15 kobolds
  3 kobold zombies (Ossuary)
  A quokka skeleton (D:8)
  8 rats
  A fulminant prism (Ossuary)
  A fungus (Lair:1)
234 creatures vanquished.

Vanquished Creatures (others)
  A scorpion (Ossuary)
  17 fulminant prisms
18 creatures vanquished.

Grand Total: 252 creatures vanquished

Notes
Turn   | Place    | Note
-------+----------+-------------------------------------------
     0 | D:1      | Glokmah the Draconian Conjurer began the quest for the Orb.
     0 | D:1      | Reached XP level 1. HP: 14/14 MP: 3/3
   205 | D:1      | Reached XP level 2. HP: 19/22 MP: 0/5
   209 | D:1      | Learned a level 2 spell: Searing Ray
   570 | D:1      | Reached skill level 1 in Fighting
   659 | D:1      | Reached XP level 3. HP: 28/28 MP: 0/6
  1167 | D:2      | Found a hazy altar of Hepliaklqana.
  1360 | D:2      | Reached skill level 9 in Conjurations
  1360 | D:2      | Reached XP level 4. HP: 45/45 MP: 7/7
  1366 | D:2      | Learned a level 4 spell: Fulminant Prism
  1594 | D:2      | Found a snail-covered altar of Cheibriados.
  2419 | D:3      | Reached XP level 5. HP: 51/51 MP: 4/8
  3086 | D:3      | Found an opulent altar of Gozag.
  3088 | D:3      | Noticed Jessica
  3091 | D:3      | Killed Jessica
  3634 | D:4      | Reached skill level 1 in Hexes
  3726 | D:4      | Noticed a phantom
  3736 | D:4      | Killed a phantom
  3736 | D:4      | Reached XP level 6. HP: 58/58 MP: 0/9
  4026 | D:4      | Noticed Grinder
  4037 | D:4      | Paralysed by Grinder for 6 turns
  4046 | D:4      | Paralysed by Grinder for 6 turns
  4053 | D:4      | Killed Grinder
  4053 | D:4      | Reached skill level 1 in Shields
  4053 | D:4      | Your scales start taking on a lurid green colour.
  4053 | D:4      | Reached XP level 7. HP: 4/64 MP: 7/11
  4053 | D:4      | Gained mutation: Your system is resistant to poisons.
                  | (rPois) [Green Draconian growth]
  4237 | D:4      | Found Dece's Weapon Boutique.
  4741 | D:5      | Entered Level 5 of the Dungeon
  4832 | D:5      | Noticed Menkaure
  4875 | D:5      | Found a shattered altar of Ashenzari.
  5007 | D:5      | Found a shimmering blue altar of Sif Muna.
  5015 | D:5      | Became a worshipper of Sif Muna the Loreminder
  5146 | D:5      | Killed Menkaure
  5146 | D:5      | Reached skill level 10 in Conjurations
  5426 | D:5      | Reached XP level 8. HP: 73/73 MP: 6/12
  5596 | D:5      | Found a glowing golden altar of the Shining One.
  5919 | D:6      | Found a staircase to the Ecumenical Temple.
  6105 | D:6      | Noticed Prince Ribbit
  6121 | D:6      | Killed Prince Ribbit
  6215 | D:6      | Found a shimmering altar of Xom.
  6347 | D:6      | Reached * piety under Sif Muna
  6520 | D:6      | Noticed an air elemental
  6522 | D:6      | Found a stormy altar of Qazlal.
  6562 | D:6      | Reached XP level 9. HP: 81/81 MP: 12/15
  6753 | D:6      | Found a radiant altar of Vehumet.
  7264 | D:6      | Learned a level 4 spell: Iskenderun's Mystic Blast
  7266 | D:6      | Learned a level 1 spell: Apportation
  7330 | D:7      | Found a sand-covered staircase.
  7339 | Ossuary  | Entered an ossuary
  7715 | Ossuary  | Reached skill level 1 in Invocations
  7754 | Ossuary  | Reached ** piety under Sif Muna
  7903 | Ossuary  | Reached skill level 1 in Translocations
  8475 | D:7      | Found a sacrificial altar of Ru.
  8475 | D:7      | Found a burning altar of Makhleb.
  8476 | D:7      | Found a hide-covered altar of Uskayaw.
  8490 | D:7      | Found an ancient bone altar of Kikubaaqudgha.
  8657 | D:7      | Reached skill level 5 in Spellcasting
  8767 | D:7      | Found an iron altar of Okawaru.
  8880 | D:7      | Noticed ANON1729's ghost (novice DrCj)
  8881 | D:7      | Found a runed translucent gate.
  8881 | D:7      | Found a runed translucent gate.
  8883 | D:7      | Found a runed translucent gate.
  8903 | D:7      | Killed ANON1729's ghost
  8903 | D:7      | Reached skill level 5 in Dodging
  8903 | D:7      | Reached XP level 10. HP: 85/90 MP: 4/17
  9667 | D:8      | Found an iron altar of Okawaru.
  9749 | D:8      | Reached *** piety under Sif Muna
  9943 | D:8      | Noticed a two-headed ogre
  9949 | D:8      | Killed a two-headed ogre
 10602 | D:8      | Found a staircase to the Lair.
 10715 | Lair:1   | Entered Level 1 of the Lair of Beasts
 10767 | Lair:1   | Noticed a six-headed hydra
 10786 | D:8      | Slain by a six-headed hydra

Illustrated notes

Levels and vault maps discovered:
D:1:      ncdulo_lavacross, layout_rooms
D:2:      layout_basic, nicolae_overflow_crystal_walls, marbit_many_paths
D:3:      layout_basic, nicolae_gozag_seed_capital, uniq_jessica
D:4:      layout_loops_cross, serial_shops, nicolae_shop_waterfront,
          chequers_serial_rivers_room_b, uniq_grinder
D:5:      layout_cave_pools, ashenzari_altar_1, tgw_sif,
          nicolae_tso_carved_into_rock, uniq_menkaure
D:6:      layout_basic, vehumet_statue, nicolae_qazlal_style_of_elements,
          minmay_temple_entry_large_hall, basic_altar,
          chequers_serial_rivers_large_b, uniq_prince_ribbit1
D:7:      layout_cave_pools, nicolae_overflow_quartered_altars,
          nicolae_ossuary_entry_monument, ebering_ghost_rock_garden,
          okawaru_metal_pillars_1_2
D:8:      layout_rooms, lemuel_doored_altar, erik_lair_dragon,
          serial_corexii_hall, corexii_hall_statues_i, corexii_hall_statues_x,
          chequers_hall_statues_y
Lair:1:   layout_roguey, minmay_hedge_maze

Skill      XL: |  1  2  3  4  5  6  7  8  9 10 |
---------------+-------------------------------+-----
Dodging        | 2 3 4 5 6 |  6.0
Fighting       | 1 6 7 8 9 |  9.4
Conjurations   | 9 10 | 10.1
Hexes          | 1 2 3 |  3.0
Shields        | 1 3 4 |  4.0
Spellcasting   | 3 4 5 6 |  6.1
Invocations    | 2 4 |  4.5
Translocations | 2 3 |  3.0
Stealth        | |  1.7

Action                   |  1- 3 |  4- 6 |  7- 9 | 10-12 || total
-------------------------+-------+-------+-------+-------++-------
Melee: Unarmed           |    13 |       |       |       ||    13
       Tailslap          |     1 |     5 |     4 |     6 ||    16
       Spear             |    33 |    23 |       |       ||    56
       Club              |       |    10 |    27 |    16 ||    53
       Falchion          |       |       |    16 |    10 ||    26
 Cast: Magic Dart        |    34 |    34 |    51 |    34 ||   153
       Searing Ray       |     8 |    15 |    72 |    22 ||   117
       Fulminant Prism   |       |       |    10 |     8 ||    18
       Iskenderun's Myst |       |       |       |     8 ||     8
 Abil: Breathe Noxious F |       |       |     8 |     1 ||     9
  Use: Scroll            |     5 |       |    19 |       ||    24
       Potion            |     1 |     1 |       |       ||     2
 Stab: Sleeping          |     3 |     2 |       |       ||     5
Armor: Skin              |    21 |     9 |    26 |    15 ||    71
Dodge: Dodged            |    34 |    25 |    63 |    40 ||   162
Block: Buckler           |       |       |     7 |    15 ||    22
       Rpst.: Falchion   |       |       |     3 |     4 ||     7

Table legend:
 A = Non-vault XP
 B = Vault XP
 C = Vault XP percentage of total XP
 D = Non-vault monster count
 E = Vault monster count
 F = Vault count percentage of total count
                 A         B        C        D         E       F
            +---------+---------+-------+---------+---------+-------
      Total |    6217 |    3829 |  38.1 |     185 |      48 |  20.6
            +---------+---------+-------+---------+---------+-------
        D:1 |      53 |       0 |   0.0 |      30 |       0 |   0.0
        D:2 |      32 |      13 |  28.9 |      16 |       1 |   5.9
        D:3 |      99 |      37 |  27.2 |      24 |       1 |   4.0
        D:4 |     254 |     281 |  52.5 |      10 |       1 |   9.1
        D:5 |     792 |     212 |  21.1 |      16 |       2 |  11.1
        D:6 |    1415 |     306 |  17.8 |      42 |       2 |   4.5
        D:7 |     786 |     550 |  41.2 |      13 |       1 |   7.1
        D:8 |    2424 |    1336 |  35.5 |      32 |       7 |  17.9
     Lair:1 |     362 |       0 |   0.0 |       2 |       0 |   0.0
    Ossuary |       0 |    1094 | 100.0 |       0 |      33 | 100.0
            +---------+---------+-------+---------+---------+-------
